AoeStats
← flynorc

Pilgrims

507044089Analyzed
2v2 RM · 17d ago on Sep 16, 2026· 16m 22s· 4 players
Game mode
Random Map
Map size
Medium (4 player)
Population
200
Speed
Normal
Resources
Standard
Victory
Conquest
Starting age
Dark Age
Ending age
Imperial Age
RankedLock teamsTeams togetherTeam positionsShared explorationLock speedFull tech treeHidden civsTurbo modeCheats
Victory
Defeat
🇪🇸 Malay · Spain
1469
+11
🇦🇹 Italians · Austria
1413
+13
🇮🇳 Persians · India
1349
-12
🇫🇷 Maya · France
1341
-12
flynorc
3:00 Loom
10:46 Feudal Age
12:05 Double-Bit Axe
14:50 Castle Age
12:38 Fishing Lines
14:53 Fletching
15:48 Medium Warships
15:34 Bodkin Arrow
16:48 Gillnets
TheIsamel
7:40 Loom
10:19 Feudal Age
12:22 Double-Bit Axe
13:36 Gold Mining
nizam.lko
12:53 Feudal Age
12:05 Loom
Pronyx
10:20 Feudal Age
10:27 Man-at-Arms
12:12 Loom
13:25 Horse Collar
13:37 Double-Bit Axe
Connection lost

Rejoining the realm…

Still unreachable

The connection could not be restored.

Session expired

The server has moved on; the page needs a fresh start.